 Dungeon Crawl Stone Soup version 0.26.1-11-gd32895ea62 (webtiles) character file.

Game seed: 5315189694484834514

172 Zeld the Sneak (level 5, -3/34 HPs)
             Began as an Octopode Brigand on May 14, 2021.
             Slain by a gnoll
             ... wielding a +0 spear
              (9 damage)
             ... on level 3 of the Dungeon.
             The game lasted 00:02:53 (2658 turns).

Zeld the Sneak (Octopode Brigand)                   Turns: 2658, Time: 00:02:54

Health: -3/34      AC:  1    Str: 12    XL:     5   Next: 53%
Magic:  8/8        EV: 13    Int: 13    God:
Gold:   102        SH:  0    Dex: 13    Spells: 8/8 levels left

rFire    . . .     SeeInvis .   a - +3 dagger
rCold    . . .     Faith    .   (no shield)
rNeg     . . .     Spirit   .   (helmet restricted)
rPois    .         Reflect  .   (no amulet)
rElec    .         Harm     .   (no ring)
rCorr    .         Rampage  .   (no ring)
Will     .....                  (no ring)
Stlth    ++++......             (no ring)
HPRegen  0.11/turn              (no ring)
MPRegen  0.11/turn              (no ring)
                                (no ring)
                                (no ring)

@: no status effects
A: almost no armour, stealthy swim, amphibious, 8 rings, constrict 8, camouflage
1, gelatinous body 1
a: no special abilities


You were on level 3 of the Dungeon.
You visited 1 branch of the dungeon, and saw 3 of its levels.

You collected 102 gold pieces.

Inventory:

Hand Weapons
 a - a +3 dagger (weapon)
Missiles
 b - 45 poisoned darts (quivered)
 c - 2 curare-tipped darts
Scrolls
 f - a scroll of enchant armour
 i - a scroll of teleportation
Potions
 d - 5 potions of curing
 g - a potion of cancellation


   Skills:
 - Level 2.0 Fighting
 * Level 4.7 Short Blades
 - Level 2.0 Throwing
 - Level 1.0 Dodging
 - Level 5.3 Stealth
 + Level 2.4 Spellcasting


You had 8 spell levels left.
You didn't know any spells.
Your spell library was empty.

Dungeon Overview and Level Annotations

Branches:
Dungeon (3/15)

Altars:


Innate Abilities, Weirdness & Mutations

You cannot wear most types of armour.
You are very stealthy in the water. (Stealth+)
You are amphibious.
You can wear up to eight rings at the same time.
You can use your tentacles to constrict eight enemies at once.
Your skin changes colour to match your surroundings (Stealth+).
Your rubbery body absorbs attacks. (AC +1, EV +1)


Message History

Done exploring.
There is a stone staircase leading down here.
You climb downwards.
The gnoll barely misses you.
There is a stone staircase leading up, spattered with blood here.
The gnoll hits you with a +0 spear!
You barely miss the gnoll. Your grab misses the gnoll. You squeeze the gnoll.
The gnoll is lightly wounded.
The gnoll hits you with a +0 spear!
You are too injured to fight recklessly!
You are too injured to fight recklessly!
You are too injured to fight recklessly!
You are too injured to fight recklessly!
You hit the gnoll. Your grab misses the gnoll. Your squeeze misses the gnoll.
The gnoll is moderately wounded.
The gnoll hits you with a +0 spear!
* * * LOW HITPOINT WARNING * * *
You hit the gnoll. Your grab misses the gnoll.
The gnoll is heavily wounded.
The gnoll hits you with a +0 spear!
You die...

#...#.# #...#.#
#...#.# #...#.#
#...#.####.#
#..........#
#...#.######
#....g.....#
###.@......#
##<........
########..#######
#........>#
#.######### #.#
#.# #.# #.#


You could see a gnoll.

Vanquished Creatures
  Natasha (D:3)
  Robin (D:2)
  3 gnolls (D:2)
  2 adders
  3 oozes (D:1)
  A dart slug (D:2)
  4 leopard geckos
  5 orcs (D:3)
  A ball python (D:2)
  A giant cockroach (D:1)
  17 goblins
  9 hobgoblins
  A jackal (D:3)
  6 kobolds
  A quokka (D:3)
  2 bats
  2 frilled lizards (D:2)
  5 rats
65 creatures vanquished.

Notes
Turn   | Place    | Note
-------+----------+-------------------------------------------
     0 | D:1      | Zeld the Octopode Brigand began the quest for the Orb.
     0 | D:1      | Reached XP level 1. HP: 14/14 MP: 1/1
   116 | D:1      | Reached XP level 2. HP: 17/19 MP: 2/2
   234 | D:1      | Reached skill level 1 in Spellcasting
   257 | D:1      | Reached XP level 3. HP: 10/24 MP: 4/4
  1075 | D:2      | Noticed Robin
  1319 | D:2      | Killed Robin
  1320 | D:2      | Reached XP level 4. HP: 29/29 MP: 6/6
  2192 | D:3      | Noticed Natasha
  2219 | D:3      | Killed Natasha
  2220 | D:3      | Reached XP level 5. HP: 29/34 MP: 8/8
  2658 | D:3      | Slain by a gnoll

Illustrated notes

Levels and vault maps discovered:
D:1:      co_arrival_square_in_a_square_in_a_square, layout_rooms,
          minmay_pentomino_z4
D:2:      layout_basic, uniq_robin
D:3:      layout_basic, minivault_4, uniq_natasha

Skill      XL: |  1  2  3  4 |
---------------+-------------+-----
Spellcasting   | 1 2 |  2.4
Short Blades   | 3 4 |  4.7
Fighting       | |  2.0
Throwing       | |  2.0
Dodging        | |  1.0
Stealth        | |  5.3

Action                   |  1- 3 |  4- 6 || total
-------------------------+-------+-------++-------
Melee: Dagger            |    57 |    69 ||   126
       Constrict         |    12 |    27 ||    39
       Tentacles         |     7 |    15 ||    22
Throw: Dart              |     7 |     1 ||     8
  Use: Scroll            |       |     7 ||     7
 Stab: Sleeping          |    11 |     3 ||    14
Armor: Skin              |     2 |     2 ||     4
Dodge: Dodged            |    21 |    30 ||    51
